 Dungeon Crawl Stone Soup version 0.19-a0-860-g5c370dd (webtiles) character file.

45 PurpleSnorlax the Skirmisher (level 3, -2/24 HPs)
             Began as a Kobold Wanderer on July 2, 2016.
             Killed from afar by Sigmund (5 damage)
             ... with a magic dart
             ... on level 2 of the Dungeon.
             The game lasted 00:05:28 (665 turns).

PurpleSnorlax the Skirmisher (Kobold Wanderer)       Turns: 665, Time: 00:05:28

Health: -2/24      AC:  5    Str: 11    XL:     3   Next: 90%
Magic:  3/3        EV: 12    Int: 13    God:
Gold:   78         SH:  0    Dex: 12    Spells: 0 memorised, 2 levels left

rFire  . . .     SeeInvis .     a - +2 shortbow
rCold  . . .     Gourm    .     c - +0 ring mail
rNeg   . . .     Faith    .     (shield currently unavailable)
rPois  .         Spirit   .     (no helmet)
rElec  .         Dismiss  .     (no cloak)
rCorr  .         Reflect  .     (no gloves)
SustAt .         Harm     .     (no boots)
MR     .....                    (no amulet)
Stlth  ..........               (no ring)
                                (no ring)

@: confused, not resistant to hostile enchantments, extremely unstealthy
A: carnivore 3
a: no special abilities


You were on level 2 of the Dungeon.
You were not hungry.

You visited 1 branch of the dungeon, and saw 2 of its levels.

You collected 78 gold pieces.

Inventory:

Hand Weapons
 a - a +2 shortbow (weapon)
 j - a +0 whip
 p - a +1 hand axe of chopping
Missiles
 b - 15 arrows (quivered)
Armour
 c - a +0 ring mail (worn)
 g - a +0 ring mail
 l - a +0 robe
 q - a cursed +0 scale mail
 r - a +2 naga barding of stealth
Scrolls
 e - a scroll of enchant armour {unknown}
 h - a scroll of identify {unknown}
 k - 2 scrolls of random uselessness {unknown}
 m - a scroll of teleportation {unknown}
 o - a scroll of recharging {unknown}
Potions
 d - 3 potions of curing
 n - a potion of invisibility {unknown}
Comestibles
 f - a meat ration
 i - a beef jerky


   Skills:
 + Level 3.7 Fighting
 + Level 3.6 Bows
   Level 1.2 Crossbows
 + Level 1.0 Armour
 + Level 1.2 Dodging
 + Level 1.3 Stealth
   Level 1.0 Shields


You had 2 spell levels left.
You didn't know any spells.

Dungeon Overview and Level Annotations

Branches:
Dungeon (2/15)

Altars:
Fedhas
Okawaru
Sif Muna

Annotations:
D:2 Sigmund


Innate Abilities, Weirdness & Mutations

You are small and have problems with some larger weapons.
You are carnivorous and can eat meat at any time.


Message History

You are too injured to fight recklessly!
You are too injured to fight recklessly!
You are too injured to fight recklessly!
You are too injured to fight recklessly!
You are too injured to fight recklessly!
You are confused.
The goblin hits you.
* * * LOW HITPOINT WARNING * * *
You are too injured to fight recklessly!
You are too injured to fight recklessly!
You are too injured to fight recklessly!
Something hits you but does no damage. The goblin closely misses you.
You closely miss the goblin. The goblin closely misses you.
You hear some strange, mumbled words.
Something tries to affect you, but you resist.
The goblin hits you but does no damage.
You are too injured to fight recklessly!
A magic dart appears from out of thin air!
The magic dart hits you!
You die...

#.(......#
#.......#
#........#
#.......#
########.#
#.....>.#
#..
#..†....#
#.##.......#
#..#.......#
#.#.......#
#..g......#
##@.......#
#..#{#####
##.#.# #
#...# .#
##..# ..#
#..# ...#
##.# ....#
#.##..(..#
#...(.....


You could see a goblin.

Vanquished Creatures
  Terence (D:2)
  2 dart slugs (D:1)
  A giant gecko (D:1)
  2 giant cockroaches
  2 goblins (D:1)
  A hobgoblin (D:1)
  A quokka (D:2)
  A bat (D:2)
  A kobold (D:1)
  4 rats
16 creatures vanquished.

Notes
Turn   | Place    | Note
-------+----------+-------------------------------------------
     0 | D:1      | PurpleSnorlax the Kobold Wanderer began the quest for the Orb.
     0 | D:1      | PurpleSnorlax set off with: a +2 shortbow, 24 arrows, a +0 ring mail, a potion of curing, a meat ration
     0 | D:1      | Reached XP level 1. HP: 14/14 MP: 1/1
   239 | D:1      | Reached XP level 2. HP: 19/19 MP: 2/2
   488 | D:2      | Found a blossoming altar of Fedhas.
   493 | D:2      | Found a deep blue altar of Sif Muna.
   512 | D:2      | Found an iron altar of Okawaru.
   565 | D:2      | Noticed Terence
   582 | D:2      | Killed Terence
   582 | D:2      | Reached skill level 1 in Dodging
   582 | D:2      | Reached XP level 3. HP: 21/24 MP: 3/3
   644 | D:2      | Noticed Sigmund
   665 | D:2      | Killed from afar by Sigmund

Vault maps used:
D:1:      saegor_arrival_simple_b
D:2:      grunt_temple_overflow_open, uniq_terence, uniq_sigmund

Skill      XL: |  1  2 |
---------------+-------+-----
Bows           | 3 |  3.6
Dodging        | 1 |  1.2
Fighting       | |  3.7
Crossbows      | |  1.2
Armour         | |  1.0
Stealth        | |  1.3
Shields        | |  1.0

Action                   || total
-------------------------++-------
Melee: Shortbow          ||     4
 Fire: Shortbow          ||    47
Armor: Ring mail         ||    10
Dodge: Dodged            ||    18
